AoeStats
← Justus Jonas

Arena

509887875Analyzed
1v1 RM · 3d ago on Sep 28, 2026· 27m 54s· 2 players
Game mode
Random Map
Map size
Tiny (2 player)
Population
200
Speed
Normal
Resources
Standard
Victory
Conquest
Starting age
Dark Age
Ending age
Imperial Age
RankedLock teamsTeams togetherTeam positionsShared explorationLock speedFull tech treeHidden civsTurbo modeCheats
Victory
Defeat
1300
+17
🇩🇪 Saxons · Germany
1320
-17
AiM | Mantequilla de Mani
10:36 Feudal Age
14:33 Castle Age
13:14 Double-Bit Axe
13:22 Gold Mining
13:31 Horse Collar
14:22 Loom
16:38 Fervor
16:49 Sanctity
19:46 Wheelbarrow
21:57 Redemption
27:35 Imperial Age
27:20 Bow Saw
27:54 Gold Shaft Mining
Justus Jonas
9:53 Feudal Age
13:37 Castle Age
11:27 Double-Bit Axe
14:19 Horse Collar
20:40 Wheelbarrow
21:20 Bow Saw
22:12 Scale Mail Armor
22:23 Forging
23:27 Chain Mail Armor
26:43 Devotion
Connection lost

Rejoining the realm…

Still unreachable

The connection could not be restored.

Session expired

The server has moved on; the page needs a fresh start.